 Dungeon Crawl Stone Soup version 0.13-a0-2926-g9203b68 (webtiles) character file.

192 PolkaDot the Ruinous (level 4, -5/28 HPs)
             Began as a Vampire Wizard on Sept 3, 2013.
             Slain by an ice beast (12 damage)
             ... on Level 3 of the Dungeon.
             The game lasted 00:09:39 (2591 turns).

PolkaDot the Ruinous (Vampire Wizard)               Turns: 2591, Time: 00:09:39

HP  -5/28        AC  2     Str  6      XL: 4   Next: 40%
MP   0/12        EV 12     Int 26      God:
Gold 97          SH  0     Dex 12      Spells:  3 memorised,  2 levels left

Res.Fire  : . . .   See Invis. : +   (no weapon)
Res.Cold  : . . .   Warding    : .   a - +0 robe
Life Prot.: . . .   Conserve   : .   (no shield)
Res.Poison: .       Res.Corr.  : .   b - +0 wizard hat
Res.Elec. : .       Clarity    : .   (no cloak)
Sust.Abil.: . .     Spirit.Shd : .   (no gloves)
Res.Mut.  : .       Stasis     : .   (no boots)
Res.Rott. : .       Flight     : .   (no amulet)
Saprovore : . . .                    (no ring)
                                     (no ring)

@: regenerating quickly, brilliant, slightly resistant to hostile enchantments,
stealthy
A: fangs 3, see invisible, unbreathing
a: no special abilities


You were on level 3 of the Dungeon.
You were full.

You visited 1 branch of the dungeon, and saw 3 of its levels.

You collected 77 gold pieces.

Inventory:

Armour
 a - a +0 robe (worn)
 b - a +0 wizard hat (worn)
 d - a +0 buckler
Scrolls
 e - a scroll of identify {unknown}
 h - a scroll of blinking
 i - 2 scrolls of curse weapon {unknown}
 k - a scroll of enchant armour {unknown}
 l - a scroll of amnesia {unknown}
 m - 2 scrolls of enchant weapon II {unknown}
Potions
 f - a potion of curing
 g - a potion of brilliance
Books
 c - a book of Minor Magic

   Spells                             Type                      Level
   *Magic Dart                        Conjuration                  1
   Blink                              Translocation                2
   Call Imp                           Summoning                    2
   Repel Missiles                     Charms/Air                   2
   Slow                               Hexes                        2
   *Conjure Flame                     Conjuration/Fire             3
   *Mephitic Cloud                    Conjuration/Poison/Air       3


   Skills:
 - Level 2.1 Dodging
 - Level 3.0 Stealth
 - Level 3.0 Spellcasting
 * Level 3.2 Conjurations
   Level 1.0 Summonings
   Level 0.7 Translocations


You had 2 spell levels left.
You knew the following spells:

 Your Spells              Type           Power        Failure   Level  Hunger
a - Magic Dart            Conj           ####         1%          1    None
d - Mephitic Cloud        Conj/Pois/Air  ####....     2%          3    ###....
s - Conjure Flame         Conj/Fire      ####....     2%          3    ###....


Dungeon Overview and Level Annotations

Branches:
Dungeon (3/27)

Altars:


Innate Abilities, Weirdness & Mutations

Your natural rate of healing is unusually fast.
You have razor-sharp teeth.*
You have supernaturally acute eyesight.
You can survive without breathing.*


Message History

Aim: an ice beast (severely wounded)
The magic dart hits the ice beast.
The ice beast is almost dead.
The ice beast hits you. The ice beast freezes you!
* * * LOW HITPOINT WARNING * * *
Drink which item? (? for menu, Esc to quit)
You feel more clever all of a sudden. The ice beast barely misses you.
Your magical contamination has completely faded away.
Casting: Magic Dart
Confirm with . or Enter, or press ? or * to list all spells.
Aiming: Magic Dart
Press: ? - help, Shift-Dir - straight line, f/p - ice beast
Aim: an ice beast (almost dead)
The magic dart hits the ice beast.
The ice beast is almost dead.
The ice beast hits you.
* * * LOW HITPOINT WARNING * * *
The ice beast freezes you!
You die...

#..## #.# ###....#
#.# #.<
#.####...######.# %
#.ยง......#####...
######..[##......
######......
#...#.# #####.#
#################.#
#.@I..............#
######[..##########
#...# #...# #####


You could see an ice beast.

Vanquished Creatures
  Ijyb (D:3)
  Jessica (D:2)
  2 adders (D:2)
  2 oozes
  A giant cockroach (D:2)
  5 goblins
  6 hobgoblins
  3 jackals
  2 ball pythons
  7 bats
  4 giant newts
  4 kobolds
  A quokka (D:3)
  5 rats
44 creatures vanquished.

Notes
Turn   | Place    | Note
--------------------------------------------------------------
     0 | D:1      | PolkaDot, the Vampire Wizard, began the quest for the Orb.
     0 | D:1      | Reached XP level 1. HP: 11/11 MP: 6/6
   165 | D:1      | Reached skill level 1 in Conjurations
   588 | D:1      | Reached XP level 2. HP: 17/17 MP: 8/8
  1362 | D:2      | Reached XP level 3. HP: 16/22 MP: 1/10
  1489 | D:2      | Noticed Jessica
  1494 | D:2      | Killed Jessica
  1949 | D:3      | Learned a level 3 spell: Conjure Flame
  1953 | D:3      | Learned a level 3 spell: Mephitic Cloud
  1953 | D:3      | Noticed Ijyb
  1996 | D:3      | Killed Ijyb
  1996 | D:3      | Reached XP level 4. HP: 17/28 MP: 1/12
  2370 | D:3      | Noticed an ice beast
  2591 | D:3      | Slain by an ice beast

Action                   |  1- 3 |  4- 6 || total
-------------------------+-------+-------++-------
Melee: Unarmed           |    24 |       ||    24
 Cast: Magic Dart        |    85 |    39 ||   124
       Conjure Flame     |     2 |     3 ||     5
       Mephitic Cloud    |     2 |       ||     2
  Use: Potion            |       |     5 ||     5
       Scroll            |       |     2 ||     2
 Stab: Confused          |     3 |       ||     3
